 Dungeon Crawl Stone Soup version 0.31-a0-986-g5e6e4ef867 (webtiles) character file.

Game seed: 11612374553681696624

486 ytrimaz the Covert (level 7, 0/43 HPs)
             Began as an Octopode Shapeshifter on Nov 3, 2023.
             Slain by an ice beast (11 damage)
             ... on level 5 of the Dungeon.
             The game lasted 00:04:27 (4054 turns).

ytrimaz the Covert (Octopode Shapeshifter)          Turns: 4054, Time: 00:04:28

Health: 0/43       AC:  1    Str: 13    XL:     7   Next: 13%
Magic:  7/7        EV: 13    Int: 13    God:
Gold:   212        SH:  0    Dex: 13    Spells: 6/6 levels left

rFire   . .          .
                       - Unarmed
rCold   . . .        (no shield)
rNeg    . . .        (helmet currently unavailable)
rPois   .            k - amulet of regeneration
rElec   .            (no ring)
rCorr   .            (no ring)
SInv    .            (no ring)
Will    .....        (no ring)
Stlth   +++++        (no ring)
HPRegen 1.07/turn    (no ring)
MPRegen 0.10/turn    (no ring)
                     (no ring)

%: no passive effects
@: beast-form
A: beast (slay +2), almost no armour, amphibious, 8 rings, camouflage 1,
gelatinous body 1, (nimble swimmer 1), tentacles
a: Begin Untransformation


You were on level 5 of the Dungeon.
You were a hulking beast.
You visited 1 branch of the dungeon, and saw 5 of its levels.

You collected 212 gold pieces.


Innate Abilities, Weirdness & Mutations

You are a hulking beast.
Your limbs bulge with bestial killing power. (Slay +2)
You cannot wear most types of armour.
You are amphibious.
You can wear up to eight rings at the same time.
Your skin changes colour to match your surroundings (Stealth+).
Your rubbery body absorbs attacks. (AC +1, EV +1)
((You are camouflaged when in or above water. (Stealth+)))
You have tentacles for arms and can constrict up to eight enemies at once.


   Skills:
 - Level 1.0 Fighting
 - Level 2.0 Dodging
 * Level 8.3 Stealth
 - Level 3.0 Unarmed Combat
 + Level 4.8 Shapeshifting


You had 6 spell levels left.
You didn't know any spells.
Your spell library contained the following spells:

 Spells                   Type           Power      Damage    Failure   Level
 Lesser Beckoning         Tloc           0%         N/A       43%         2
 Gell's Gravitas          Tloc           0%         N/A       67%         3
 Teleport Other           Tloc           0%         N/A       67%         3

Inventory:

Jewellery
 k - an amulet of regeneration (around mantle)
   (You found it on level 1 of the Dungeon)
Talismans
 a - a blade talisman
   (You found it on level 3 of the Dungeon)
 b - a beast talisman
 c - a flux talisman
Wands
 m - a wand of polymorph (7)
   (You took it off Jessica on level 2 of the Dungeon)
Scrolls
 d - a scroll of enchant weapon
 f - 2 scrolls of noise
 h - 3 scrolls of teleportation
 l - a scroll of vulnerability
 o - 2 scrolls of fog
 p - a scroll of fear
 q - a scroll of revelation {unknown}
 r - 2 scrolls of amnesia {unknown}
Potions
 e - a potion of enlightenment {unknown}
 g - a potion of degeneration
 i - a potion of curing
 j - a potion of resistance

Dungeon Overview and Level Annotations

Branches:
Dungeon (5/15) Zot: 25953
 Temple: D:4-7

Altars:
Makhleb
Sif Muna
Trog
Zin
The Shining One

Annotations:
D:2 1 runed translucent door, Crazy Yiuf

#.# #.# #.#
..# #.# #.#
#.# #.# #.#
#.# #Y# #.#
#h# #.# #.#
#.# #<#
##.######.#
#...<.#...####
#.....#.#....#
#............#
#............#
#^..~....~...#


You could see an ice beast.


Message History

You tentacle-slap the kobold.
You kill the kobold!
No target in view!
Unknown command.
No target in view!
Things that are here:
a +0 dagger; 2 stones; a kobold corpse No target in view!
Found a bloodstained altar of Trog.
Things that are here:
a +0 dagger; 2 stones; a kobold corpse Key pressed, stopping explore.
No target in view!
Key pressed, stopping explore.
Key pressed, stopping explore.
You see here a quokka skeleton.
Key pressed, stopping explore.
Edmund the Younger comes into view.
He is wielding a +4 flail of venom.
Edmund shouts!
Okay, then.
You feel very mighty all of a sudden.
You tentacle-slap Edmund. Your grab misses Edmund. Your squeeze misses Edmund.
Edmund hits you with a +4 flail of venom.
You are poisoned. 😕 HP[-4]
You take 4 damage, and now have 34/38 hp.
You bludgeon Edmund! You grab Edmund. You constrict Edmund.
You feel very sick. Edmund misses you. 😕 HP[-2]
You take 2 damage, and now have 32/38 hp.
You tentacle-slap Edmund. You constrict Edmund.
You feel sick. Edmund barely misses you.
Unknown command. 😕 HP[-1]
You take 1 damage, and now have 31/38 hp.
You tentacle-slap Edmund. You squeeze Edmund! You constrict Edmund.
You feel sick.
Unknown command.
You bludgeon Edmund!
You kill Edmund!
You feel sick.
Your Stealth skill increases to level 8!
You have reached level 7! 😕 HP[+4] MP[+1]
You now have 43 max hp (+5).
You regained 4 hp, and now have 35/43 hp.
Your mp is fully restored (7).
You feel sick.
You feel sick.
You feel sick.
You feel sick.
You feel sick.
You are no longer poisoned.
Things that are here:
a +4 flail of venom; a +0 ring mail; 😎 HP[+8]
Your hp is fully restored (43).
Unknown command.
Key pressed, stopping explore.
Key pressed, stopping explore.
Unknown command.
Key pressed, stopping explore.
You feel a little less mighty now.
Key pressed, stopping explore.
Unknown command.
Key pressed, stopping explore.
You see here a +0 sling.
Done exploring.
Search for what [? for help]? ash Can't find anything matching that.
There is a stone staircase leading down here.
You climb downwards.
There is a stone staircase leading up here.
Found a stone staircase leading up.
An ice beast comes into view.
There is a stone staircase leading up here.
The helpless ice beast fails to defend itself.
You tentacle-slap the ice beast. x2; You squeeze the ice beast!
The ice beast closely misses you.
You tentacle-slap the ice beast. The ice beast closely misses you.
You tentacle-slap the ice beast but do no damage.
Unknown command.
You tentacle-slap the ice beast. The ice beast hits you.
The ice beast freezes you! 😮 HP[-15]
You take 15 damage, and now have 28/43 hp.
MASSIVE DAMAGE!! (PAUSE)
You tentacle-slap the ice beast. You squeeze the ice beast.
The ice beast closely misses you. 😮 HP[+1]
You closely miss the ice beast. The ice beast hits you.
The ice beast freezes you!
* * * LOW HITPOINT WARNING * * *
😨 HP[-16]
You take 16 damage, and now have 13/43 hp.
MASSIVE DAMAGE!! (PAUSE)
You barely miss the ice beast. The ice beast hits you.
* * * LOW HITPOINT WARNING * * *
The ice beast freezes you!
You die...

Skill      XL: |  1  2  3  4  5  6 |
---------------+-------------------+-----
Stealth        | 1 3 4 5 6 8 |  8.3
Shapeshifting  | 4 |  4.8
Fighting       | |  1.0
Dodging        | |  2.0
Unarmed Combat | |  3.0

Action                     |  1- 3 |  4- 6 |  7- 9 || total
---------------------------+-------+-------+-------++-------
  Melee: Unarmed           |    51 |    92 |     7 ||   150
         Constrict         |    15 |    22 |       ||    37
         Tentacles         |     5 |    17 |     2 ||    24
         Punch             |     1 |     1 |     1 ||     3
    Use: Potion            |       |     2 |       ||     2
         Scroll            |       |    10 |       ||    10
   Stab: Sleeping          |     6 |    24 |     1 ||    31
 Armour: Skin              |    21 |    29 |     3 ||    53
  Dodge: Dodged            |    23 |    38 |     3 ||    64

Levels and vault maps discovered:
D:1:      elethiomel_arrival_maze, layout_basic, minivault_14
D:2:      layout_loops_corners, chequers_ecumenical_altar_simple_redux,
          minmay_misc_feat_doors, uniq_crazy_yiuf_cottage, uniq_jessica
D:3:      layout_loops_ring, eino_tiny_chamber, minmay_diced_spiral
D:4:      layout_layer_cave, marbit_many_paths,
          grunt_temple_overflow_cloverleaf, serial_forest,
          infiniplex_forest_straight_2, infiniplex_forest_zigzag_2,
          infiniplex_forest_straight_3, infiniplex_forest_lined_room_2,
          infiniplex_forest_straight_2, infiniplex_forest_clump_tiny,
          infiniplex_forest_straight_3, infiniplex_forest_corner_2,
          infiniplex_forest_clump_C, uniq_edmund
D:5:      kennysheep_steamy, layout_loops_ring,
          mainiacjoe_overflow_small_starburst, kennysheep_mini_moat,
          serial_shops, shop, skrybe_limestone_x, uniq_blork_the_orc

Notes
Turn   | Place    | Note
-------+----------+-------------------------------------------
     0 | D:1      | ytrimaz the Octopode Shapeshifter began the quest for the
                  | Orb.
     0 | D:1      | Reached XP level 1. HP: 13/13 MP: 1/1
     0 | D:1      | magus.rc [v1.9.6]
   100 | D:1      | Reached skill level 1 in Stealth
   459 | D:1      | Reached XP level 2. HP: 17/18 MP: 2/2
   527 | D:1      | Reached skill level 2 in Stealth
   999 | D:2      | Noticed Jessica
  1003 | D:2      | Killed Jessica
  1004 | D:2      | Reached skill level 3 in Stealth
  1004 | D:2      | Reached XP level 3. HP: 21/23 MP: 3/3
  1205 | D:2      | Found a faded altar of an unknown god.
  1448 | D:2      | Found a runed translucent door.
  1449 | D:2      | Noticed Crazy Yiuf
  1476 | D:2      | Reached skill level 4 in Stealth
  1476 | D:2      | Reached XP level 4. HP: 19/28 MP: 4/4
  1967 | D:3      | Reached skill level 5 in Stealth
  2035 | D:3      | HP: 4/28 [acid (5)]
  2039 | D:3      | Reached XP level 5. HP: 11/33 MP: 5/5
  2186 | D:3      | Reached skill level 4 in Shapeshifting
  2186 | D:3      | HP: 7/33 [orc/+0 flail (3)]
  2189 | D:3      | HP: 3/33 [orc/+0 flail (7)]
  2220 | D:3      | You pick up a book of Displacement and begin reading...
  2220 | D:3      | You add the spells Lesser Beckoning, Gell's Gravitas and
                  | Teleport Other to your library.
  2308 | D:3      | Reached skill level 6 in Stealth
  2975 | D:4      | Reached XP level 6. HP: 30/38 MP: 6/6
  3267 | D:4      | Found a glowing golden altar of the Shining One.
  3280 | D:4      | Found a burning altar of Makhleb.
  3292 | D:4      | Found a shimmering blue altar of Sif Muna.
  3295 | D:4      | Found a glowing silver altar of Zin.
  3587 | D:4      | Reached skill level 7 in Stealth
  3713 | D:4      | Found a bloodstained altar of Trog.
  3817 | D:4      | Noticed Edmund
  3825 | D:4      | Killed Edmund
  3826 | D:4      | Reached skill level 8 in Stealth
  3826 | D:4      | Reached XP level 7. HP: 35/43 MP: 7/7
  4032 | D:5      | Entered Level 5 of the Dungeon
  4054 | D:5      | Slain by an ice beast

Vanquished Creatures
  Edmund (D:4)
  An ogre (D:4)
  A jelly (D:3)
  A hound (D:4)
  A sleepcap (D:4)
  An orc priest (D:3)
  Jessica (D:2)
  5 adders
  3 gnolls (D:2)
  A worm (D:2)
  A dart slug (D:2)
  3 orcs (D:3)
  5 ball pythons
  7 endoplasms
  2 giant cockroaches
  3 goblins
  8 hobgoblins
  4 quokkas
  7 bats
  4 frilled lizards
  6 kobolds
  4 rats
70 creatures vanquished.

Table legend:
 A = Non-vault XP
 B = Vault XP
 C = Vault XP percentage of total XP
 D = Non-vault monster count
 E = Vault monster count
 F = Vault count percentage of total count
                 A         B        C        D         E       F
            +---------+---------+-------+---------+---------+-------
      Total |     482 |     213 |  30.6 |      63 |       7 |  10.0
            +---------+---------+-------+---------+---------+-------
        D:1 |      16 |       0 |   0.0 |      10 |       0 |   0.0
        D:2 |      82 |      37 |  31.1 |      19 |       1 |   5.0
        D:3 |     129 |       9 |   6.5 |      19 |       4 |  17.4
        D:4 |     255 |     167 |  39.6 |      15 |       2 |  11.8
            +---------+---------+-------+---------+---------+-------

Skill      XL: |  1  2  3  4  5  6 |
---------------+-------------------+-----
Stealth        | 1 3 4 5 6 8 |  8.3
Shapeshifting  | 4 |  4.8
Fighting       | |  1.0
Dodging        | |  2.0
Unarmed Combat | |  3.0

Action                     |  1- 3 |  4- 6 |  7- 9 || total
---------------------------+-------+-------+-------++-------
  Melee: Unarmed           |    51 |    92 |     7 ||   150
         Constrict         |    15 |    22 |       ||    37
         Tentacles         |     5 |    17 |     2 ||    24
         Punch             |     1 |     1 |     1 ||     3
    Use: Potion            |       |     2 |       ||     2
         Scroll            |       |    10 |       ||    10
   Stab: Sleeping          |     6 |    24 |     1 ||    31
 Armour: Skin              |    21 |    29 |     3 ||    53
  Dodge: Dodged            |    23 |    38 |     3 ||    64

Illustrated notes

Table legend:
 A = Kills in this place as a percentage of kills in the entire game.
 B = Kills by you in this place as a percentage of kills by you in the entire game.
 C = Kills by friends in this place as a percentage of kills by friends in the entire game.
 D = Other kills in this place as a percentage of other kills in the entire game.
 E = Experience gained in this place as a percentage of experience gained in the entire game.
 F = Experience gained in this place divided by the number of levels of this place that you have seen.
                   A       B       C       D       E      F
               +-------+-------+-------+-------+-------+----------------------
         Total | 100.0 | 100.0 |   N/A |   N/A | 100.0 | 139.0
       Dungeon | 100.0 | 100.0 |   N/A |   N/A | 100.0 | 139.0
               +-------+-------+-------+-------+-------+----------------------

Table legend: (Time is in decaauts)
 A = Elapsed time spent in this place.
 B = Non-inter-level travel time spent in this place.
 C = Inter-level travel time spent in this place.
 D = Time resting spent in this place.
 E = Time spent auto-exploring this place.
 F = Levels seen in this place.
 G = Mean time per level.
                   A        B        C        D        E       F      G
               +--------+--------+--------+--------+--------+-----+--------+
         Total |   4045 |   3943 |    102 |      0 |   3323 |   5 |  809.0 |
       Dungeon |   4045 |   3943 |    102 |      0 |   3323 |   5 |  809.0 |
               +--------+--------+--------+--------+--------+-----+--------+

Top non-repeatable levels by time:
     D:4: 1292 daAuts
     D:1: 962 daAuts
     D:2: 929 daAuts
     D:3: 839 daAuts
     D:5: 21 daAuts
